MLB
SAN FRANCISCO GIANTS @ ARIZONA DIAMONDBACKS
05/27/2098
 
TOP OF THE 1ST
San Francisco Giants batting - Pitching for Arizona Diamondbacks : RHP Jesse Johnson
Pitching: RHP Jesse Johnson
Batting: RHB Erik Mulloy 0-0: Ball
1-0: Ball
2-0: Foul Ball, location: 2F
2-1: Ball
3-1: Base on Balls
Batting: RHB Masataka Kato 0-0: Called Strike
0-1: Ball
1-1: Ball
2-1: Foul Ball, location: 2F
2-2: Ball
3-2: SINGLE (Groundball, 4MD, EV 96.9 MPH)
Erik Mulloy to second
Batting: LHB Daniel Cipolla 0-0: Called Strike
0-1: Called Strike
0-2: Ball
1-2: Fielders Choice at 2nd, 2-6 (Groundball, 2R, EV 67.5 MPH)
Erik Mulloy to third
Batting: LHB Kevin Shaw 0-0: SINGLE (Flyball, 56D, EV 95.6 MPH)
Erik Mulloy scores
Daniel Cipolla to second
Batting: LHB Lindsay Foreman 0-0: Ball
1-0: Ground out 4-3 (Groundball, 4S, EV 61.9 MPH)
Daniel Cipolla to third
Kevin Shaw to second
Batting: RHB Greg Schaefer 0-0: Called Strike
0-1: Ball
1-1: Foul Ball, location: 9LSF
1-2: SINGLE (Line Drive, 78S, EV 106.9 MPH)
Daniel Cipolla scores
Kevin Shaw to third
Runner from 3rd tries for Home, SAFE, throw by LF to home
Batting: RHB Dave Melton 0-0: Called Strike
0-1: Ball
1-1: Ball
2-1: Foul Ball, location: 9LDF
2-2: SINGLE (Groundball, 6M, EV 97.5 MPH) (infield hit)
Greg Schaefer to second
Batting: RHB Kevin Mosemann 0-0: Fly out, F9 (Flyball, 89M, EV 76.3 MPH)
Top of the 1st over - 3 runs, 4 hits, 0 errors, 2 left on base; San Francisco 3 - Arizona 0
BOTTOM OF THE 1ST
Arizona Diamondbacks batting - Pitching for San Francisco Giants : LHP Jose Rodriguez
Pitching: LHP Jose Rodriguez
Batting: LHB Travis Lawlor 0-0: Called Strike
0-1: Ball
1-1: Fly out, F8 (Flyball, 78XD, EV 100.6 MPH)
Batting: RHB Rafael Estrada 0-0: Ball
1-0: Called Strike
1-1: Foul Ball, location: 2F
1-2: Ball
2-2: Ball
3-2: Strikes out swinging
Batting: RHB Jesse Cavallaro 0-0: Ball
1-0: Ground out 6-3 (Groundball, 6, EV 105.6 MPH)
Bottom of the 1st over - 0 runs, 0 hits, 0 errors, 0 left on base; San Francisco 3 - Arizona 0
TOP OF THE 2ND
San Francisco Giants batting - Pitching for Arizona Diamondbacks : RHP Jesse Johnson
Batting: LHB Bryce Bissinger 0-0: Ground out U3 (Groundball, 23, EV 83.1 MPH)
Batting: RHB Erik Mulloy 0-0: Ball
1-0: Ball
2-0: Ball
3-0: Called Strike
3-1: Ground out 6-3 (Groundball, 6, EV 101.3 MPH)
Batting: RHB Masataka Kato 0-0: Swinging Strike
0-1: Swinging Strike
0-2: Foul Ball, location: 2F
0-2: Ball
1-2: Foul Ball, location: 2F
1-2: Strikes out swinging
Top of the 2nd over - 0 runs, 0 hits, 0 errors, 0 left on base; San Francisco 3 - Arizona 0
BOTTOM OF THE 2ND
Arizona Diamondbacks batting - Pitching for San Francisco Giants : LHP Jose Rodriguez
Batting: LHB Eddy Miramontes 0-0: DOUBLE (Groundball, 3L, EV 103.1 MPH)
Batting: RHB Gabe Bankole 0-0: Swinging Strike
0-1: Ground out 5-3 (Groundball, 56, EV 78.1 MPH)
Batting: RHB Shawn Lindsey 0-0: Ball
1-0: DOUBLE (Flyball, 78XD, EV 108.8 MPH)
Eddy Miramontes scores
Batting: SHB Macario Castro 0-0: Swinging Strike
0-1: Ball
1-1: Ball
2-1: Ground out 1-3 (Groundball, 34S, EV 68.8 MPH)
Batting: SHB Jose Medina 0-0: Ball
1-0: Called Strike
1-1: Foul Ball, location: 2F
1-2: Foul Ball, location: 2F
1-2: Strikes out swinging
Bottom of the 2nd over - 1 run, 2 hits, 0 errors, 1 left on base; San Francisco 3 - Arizona 1
TOP OF THE 3RD
San Francisco Giants batting - Pitching for Arizona Diamondbacks : RHP Jesse Johnson
Batting: LHB Daniel Cipolla 0-0: Fly out, F9 (Flyball, 9S, EV 78.8 MPH)
Batting: LHB Kevin Shaw 0-0: Swinging Strike
0-1: Ball
1-1: Foul Ball, location: 7LDF
1-2: Strikes out swinging, 2-3 out at first.
Batting: LHB Lindsay Foreman 0-0: Called Strike
0-1: SINGLE (Line Drive, 78S, EV 106.9 MPH)
Batting: RHB Greg Schaefer 0-0: Called Strike
0-1: Foul Ball, location: 2F
0-2: Ball
1-2: Foul Ball, location: 2F
1-2: Foul Ball, location: 7LMF
1-2: Foul Ball, location: 5F
1-2: Strikes out swinging
Top of the 3rd over - 0 runs, 1 hit, 0 errors, 1 left on base; San Francisco 3 - Arizona 1
BOTTOM OF THE 3RD
Arizona Diamondbacks batting - Pitching for San Francisco Giants : LHP Jose Rodriguez
Batting: LHB Alex Castro 0-0: Ball
1-0: Ball
2-0: Called Strike
2-1: Ball
3-1: Foul Ball, location: 5FF
3-2: SINGLE (Line Drive, 8RS, EV 105.0 MPH)
Batting: LHB Travis Lawlor 0-0: 2-RUN HOME RUN (Flyball, 9D, EV 96.9 MPH), Distance : 359 ft
Batting: RHB Rafael Estrada 0-0: Called Strike
0-1: Swinging Strike
0-2: Foul Ball, location: 5F
0-2: Strikes out looking
Batting: RHB Jesse Cavallaro 0-0: Called Strike
0-1: Foul Ball, location: 9LSF
0-2: Ball
1-2: Foul Ball, location: 9LSF
1-2: Ground out 6-3 (Groundball, 6, EV 79.4 MPH)
Batting: LHB Eddy Miramontes 0-0: Ball
1-0: Called Strike
1-1: Ball
2-1: Called Strike
2-2: Fly out, F7 (Flyball, 7D, EV 85.6 MPH)
Bottom of the 3rd over - 2 runs, 2 hits, 0 errors, 0 left on base; San Francisco 3 - Arizona 3
TOP OF THE 4TH
San Francisco Giants batting - Pitching for Arizona Diamondbacks : RHP Jesse Johnson
Batting: RHB Dave Melton 0-0: Called Strike
0-1: Foul Ball, location: 2F
0-2: Strikes out looking
Batting: RHB Kevin Mosemann 0-0: Ball
1-0: Swinging Strike
1-1: Foul Ball, location: 7LSF
1-2: Ball
2-2: Strikes out swinging
Batting: LHB Bryce Bissinger 0-0: Swinging Strike
0-1: Ball
1-1: Ground out 4-3 (Groundball, 4M, EV 81.3 MPH)
Top of the 4th over - 0 runs, 0 hits, 0 errors, 0 left on base; San Francisco 3 - Arizona 3
BOTTOM OF THE 4TH
Arizona Diamondbacks batting - Pitching for San Francisco Giants : LHP Jose Rodriguez
Batting: RHB Gabe Bankole 0-0: Swinging Strike
0-1: Ball
1-1: Ball
2-1: Foul Ball, location: 3FF
2-2: Foul Ball, location: 5SF
2-2: Fly out, F7 (Flyball, 78M, EV 96.3 MPH)
Batting: RHB Shawn Lindsey 0-0: Called Strike
0-1: Ground out 6-3 (Groundball, 6, EV 76.9 MPH)
Batting: SHB Macario Castro 0-0: Called Strike
0-1: Ball
1-1: Ball
2-1: Foul Ball, location: 5FF
2-2: Fly out, F8 (Flyball, 8RD, EV 92.5 MPH)
Bottom of the 4th over - 0 runs, 0 hits, 0 errors, 0 left on base; San Francisco 3 - Arizona 3
TOP OF THE 5TH
San Francisco Giants batting - Pitching for Arizona Diamondbacks : RHP Jesse Johnson
Batting: RHB Erik Mulloy 0-0: SINGLE (Line Drive, 4D, EV 98.1 MPH)
Batting: RHB Masataka Kato 0-0: Ball
1-0: Ball
Pickoff Throw to First - Out! 1-3
2-0: Called Strike
2-1: Foul Ball, location: 9LSF
2-2: Fly out, F9 (Flyball, 89M, EV 91.9 MPH)
Batting: LHB Daniel Cipolla 0-0: Ball
1-0: Ball
2-0: Called Strike
2-1: Ball
3-1: Base on Balls
Batting: LHB Kevin Shaw 0-0: Ball
Wild Pitch!
Daniel Cipolla to second
1-0: Foul Ball, location: 2F
1-1: Ball
2-1: Foul Ball, location: 7LSF
2-2: Ball
3-2: Base on Balls
Batting: LHB Lindsay Foreman 0-0: Ball
1-0: Foul Ball, location: 2F
1-1: Ball
2-1: Ball
3-1: Fly out, F8 (Flyball, 8LD, EV 96.9 MPH)
Top of the 5th over - 0 runs, 1 hit, 0 errors, 2 left on base; San Francisco 3 - Arizona 3
BOTTOM OF THE 5TH
Arizona Diamondbacks batting - Pitching for San Francisco Giants : LHP Jose Rodriguez
Batting: SHB Jose Medina 0-0: Foul Ball, location: 2F
0-1: Ground out 6-3 (Groundball, 6, EV 100.0 MPH)
Batting: LHB Alex Castro 0-0: Called Strike
0-1: Ball
1-1: Foul Ball, location: 2F
1-2: Foul Ball, location: 5DF
1-2: Ball
2-2: Fly out, F7 (Flyball, 78M, EV 95.6 MPH)
Batting: LHB Travis Lawlor 0-0: Ball
1-0: Called Strike
1-1: Ball
2-1: Foul Ball, location: 23FF
2-2: Ball
3-2: Foul Ball, location: 25FF
3-2: Ground out U3 (Groundball, 3, EV 84.4 MPH)
Bottom of the 5th over - 0 runs, 0 hits, 0 errors, 0 left on base; San Francisco 3 - Arizona 3
TOP OF THE 6TH
San Francisco Giants batting - Pitching for Arizona Diamondbacks : RHP Jesse Johnson
Pitching: RHP Derek Savard
Batting: RHB Greg Schaefer 0-0: Called Strike
0-1: Swinging Strike
0-2: Strikes out swinging
Batting: RHB Dave Melton 0-0: Swinging Strike
0-1: Called Strike
0-2: Ball
1-2: Ground out U3 (Groundball, 3, EV 86.9 MPH)
Batting: RHB Kevin Mosemann 0-0: Foul Ball, location: 9LSF
0-1: Ball
1-1: Fly out, F9 (Flyball, 9D, EV 86.9 MPH)
Top of the 6th over - 0 runs, 0 hits, 0 errors, 0 left on base; San Francisco 3 - Arizona 3
BOTTOM OF THE 6TH
Arizona Diamondbacks batting - Pitching for San Francisco Giants : LHP Jose Rodriguez
Batting: RHB Rafael Estrada 0-0: Ball
1-0: Called Strike
1-1: Ball
2-1: TRIPLE (Line Drive, 78XD, EV 109.4 MPH)
Batting: RHB Jesse Cavallaro 0-0: Intentional Walk
Batting: LHB Eddy Miramontes 0-0: Called Strike
0-1: Ball
Jesse Cavallaro steals 2nd base
1-1: Foul Ball, location: 2F
1-2: Strikes out looking
Batting: RHB Gabe Bankole 0-0: Intentional Walk
Batting: RHB Shawn Lindsey 0-0: Called Strike
0-1: Fly out, F9 (Line Drive, 89D, EV 89.4 MPH)
Runner from 3rd tags up, SCORES, no throw by RF
Batting: SHB Macario Castro 0-0: Foul Ball, location: 2F
0-1: Ball
1-1: Fly out, F8 (Flyball, 8LD, EV 98.1 MPH)
Bottom of the 6th over - 1 run, 1 hit, 0 errors, 2 left on base; San Francisco 3 - Arizona 4
TOP OF THE 7TH
San Francisco Giants batting - Pitching for Arizona Diamondbacks : RHP Derek Savard
Pitching: LHP Nehemiah Tatum
Pinch Hitting: SHB Josh Packard 0-0: Ball
1-0: Ball
2-0: Ball
3-0: Called Strike
3-1: Base on Balls
Batting: RHB Erik Mulloy 0-0: Ball
1-0: Fly out, F8 (Flyball, 89D, EV 88.1 MPH)
Batting: RHB Masataka Kato 0-0: Called Strike
0-1: Foul Ball, location: 3SF
0-2: Ball
1-2: Strikes out swinging
Pinch Hitting: RHB Danny Bute 0-0: Called Strike
0-1: Ball
1-1: Foul Ball, location: 2F
1-2: Ball
2-2: Ball
3-2: Base on Balls
Josh Packard to second
Batting: LHB Kevin Shaw 0-0: Ball
1-0: Ball
2-0: Foul Ball, location: 7LSFF
2-1: Called Strike
2-2: Foul Ball, location: 9LDF
2-2: Ball
3-2: Foul Ball, location: 3FF
3-2: Foul Ball, location: 9LDF
3-2: Foul Ball, location: 25FF
3-2: Foul Ball, location: 3FF
3-2: Strikes out swinging
Top of the 7th over - 0 runs, 0 hits, 0 errors, 2 left on base; San Francisco 3 - Arizona 4
BOTTOM OF THE 7TH
Arizona Diamondbacks batting - Pitching for San Francisco Giants : LHP Jose Rodriguez
Now at 2B: Erik Mulloy
Now at 3B: Josh Packard
Now in RF: Danny Bute
Batting: SHB Jose Medina 0-0: Ball
1-0: Called Strike
1-1: Ball
2-1: Foul Ball, location: 2F
2-2: Strikes out swinging
Batting: LHB Alex Castro 0-0: Ball
1-0: Ball
2-0: Swinging Strike
2-1: Foul Ball, location: 2F
2-2: Foul Ball, location: 2F
2-2: Foul Ball, location: 2F
2-2: Ground out 6-3 (Groundball, 6, EV 105.0 MPH)
Pitching: RHP Adam Newman
Batting: LHB Travis Lawlor 0-0: Foul Ball, location: 7LDF
0-1: Reached via error on a dropped throw from 1B, E1 (Groundball, 34S, EV 79.4 MPH)
Batting: RHB Rafael Estrada 0-0: Fly out, F6 (Popup, 6, EV 56.9 MPH)
Bottom of the 7th over - 0 runs, 0 hits, 1 error, 1 left on base; San Francisco 3 - Arizona 4
TOP OF THE 8TH
San Francisco Giants batting - Pitching for Arizona Diamondbacks : LHP Nehemiah Tatum
Pitching: RHP Dan Rutledge
Batting: LHB Lindsay Foreman 0-0: Ball
1-0: Fly out, F9 (Flyball, 9, EV 81.3 MPH)
Batting: LHB Ernesto Pelayo 0-0: Foul Ball, location: 7LMF
0-1: Fly out, F9 (Flyball, 9S, EV 75.6 MPH)
Pinch Hitting: LHB Carlos Lopez 0-0: Ball
1-0: SINGLE (Line Drive, 6D, EV 97.5 MPH)
Batting: RHB Kevin Mosemann 0-0: Ball
1-0: Called Strike
Carlos Lopez is caught stealing 2nd base 2-4
Top of the 8th over - 0 runs, 1 hit, 0 errors, 0 left on base; San Francisco 3 - Arizona 4
BOTTOM OF THE 8TH
Arizona Diamondbacks batting - Pitching for San Francisco Giants : RHP Adam Newman
Now in CF: Carlos Lopez
Batting: RHB Jesse Cavallaro 0-0: Fly out, F7 (Flyball, 7, EV 81.9 MPH)
Batting: LHB Eddy Miramontes 0-0: Ball
1-0: Foul Ball, location: 9LDF
1-1: Swinging Strike
1-2: Strikes out swinging
Batting: RHB Gabe Bankole 0-0: Swinging Strike
0-1: Fly out, F8 (Flyball, 8RXD, EV 107.5 MPH)
Bottom of the 8th over - 0 runs, 0 hits, 0 errors, 0 left on base; San Francisco 3 - Arizona 4
TOP OF THE 9TH
San Francisco Giants batting - Pitching for Arizona Diamondbacks : RHP Dan Rutledge
Now at 1B: Gabe Bankole
Now at 2B: Jason Waid
Batting: RHB Kevin Mosemann 0-0: Called Strike
0-1: Called Strike
0-2: Ball
1-2: Foul Ball, location: 5F
1-2: Foul Ball, location: 2F
1-2: Ball
2-2: Foul Ball, location: 25F
2-2: Ball
3-2: Fly out, F9 (Flyball, 9D, EV 101.9 MPH)
Batting: SHB Josh Packard 0-0: Called Strike
0-1: Ball
1-1: Ball
2-1: Called Strike
2-2: Strikes out looking
Batting: RHB Erik Mulloy 0-0: Ball
1-0: Ball
2-0: Foul Ball, location: 9LMF
2-1: Ball
3-1: Fly out, F7 (Flyball, 7S, EV 96.3 MPH)
Top of the 9th over - 0 runs, 0 hits, 0 errors, 0 left on base; San Francisco 3 - Arizona 4
Thursday, April 4th , 2024 - OOTP Baseball 24.11 Build 85